 Dungeon Crawl Stone Soup version 0.29.1-15-g9cfb28693d (webtiles) character file.

Game seed: 17828688755869392729

191 jtron the Protected (level 5, -2/51 HPs)
             Began as a Gnoll Wanderer on Mar 20, 2023.
             Splashed by a jelly's acid (3 damage)
             ... on level 3 of the Dungeon.
             The game lasted 00:07:19 (3531 turns).

jtron the Protected (Gnoll Wanderer)                Turns: 3531, Time: 00:07:19

Health: -2/51      AC: -2    Str: 12    XL:     5   Next: 70%
Magic:  7/7        EV: 11    Int: 10    God:
Gold:   153        SH:  0    Dex: 14    Spells: 7/7 levels left

rFire   . . .      SeeInvis .   a - +2 dagger (speed)
rCold   . . .      Faith    .   (no shield)
rNeg    . . .      Spirit   .   e - +0 chain mail
rPois   .          Reflect  .   (no helmet)
rElec   .          Harm     .   D - +0 cloak
rCorr   .          Rampage  .   (no gloves)
Will    .....                   v - +0 pair of boots
Stlth   ..........              F - amulet of the acrobat
HPRegen 0.17/turn               j - +4 ring of evasion
MPRegen 0.10/turn               G - +4 ring of protection

@: corroded
A: fangs 1, strong nose, distributed training
a: no special abilities


You were on level 3 of the Dungeon.
You visited 1 branch of the dungeon, and saw 4 of its levels.

You collected 153 gold pieces.

Inventory:

Hand Weapons
 a - a +2 dagger of speed (weapon)
 b - a +0 sling
 f - a +0 spear
 o - a +0 club
 w - a +0 dagger of distortion
Missiles
 g - 37 stones (quivered)
 B - 2 poisoned darts
Armour
 e - a +0 chain mail (worn)
 v - a +0 pair of boots (worn)
 D - a +0 cloak (worn)
Jewellery
 j - a +4 ring of evasion (left hand)
 k - a ring of protection from fire
 n - a ring of positive energy
 F - an amulet of the acrobat (around neck)
 G - a +4 ring of protection (right hand)
Scrolls
 d - a scroll of fog
 i - 2 scrolls of poison
 l - a scroll of immolation {unknown}
 m - 4 scrolls of magic mapping
 r - 2 scrolls of enchant weapon {unknown}
 s - a scroll of noise {unknown}
 t - a scroll of acquirement {unknown}
 y - a scroll of teleportation
 A - a scroll of silence {unknown}
Potions
 c - a potion of attraction
 h - a potion of might {unknown}
 p - 3 potions of haste
 q - a potion of ambrosia {unknown}
 u - a potion of lignification
 x - 2 potions of curing {unknown}
 z - a potion of invisibility {unknown}
 C - a potion of cancellation {unknown}
 E - a potion of brilliance {unknown}
 H - a potion of heal wounds {unknown}


   Skills:
 + Level 8.7 Fighting
 + Level 1.6 Short Blades
 + Level 1.6 Long Blades
 + Level 1.6 Axes
 + Level 1.6 Maces & Flails
 + Level 1.6 Polearms
 + Level 1.6 Staves
 + Level 1.6 Ranged Weapons
 + Level 3.1 Throwing
 + Level 8.7 Armour
 + Level 3.1 Dodging
 + Level 1.6 Stealth
 + Level 1.6 Shields
 + Level 1.6 Unarmed Combat
 + Level 1.6 Spellcasting
 + Level 1.3 Conjurations
 + Level 1.3 Hexes
 + Level 1.3 Summonings
 + Level 1.3 Necromancy
 + Level 1.3 Translocations
 + Level 1.3 Transmutations
 + Level 1.3 Fire Magic
 + Level 1.3 Ice Magic
 + Level 1.3 Air Magic
 + Level 1.3 Earth Magic
 + Level 1.3 Poison Magic
 + Level 1.9 Invocations
 + Level 1.6 Evocations


You had 7 spell levels left.
You didn't know any spells.
Your spell library contained the following spells:

 Spells                   Type           Power      Damage    Failure   Level
 Blink                    Tloc           6%         N/A       99%         2
 Ignite Poison            Fire/Tmut/Pois 3%         N/A       100%        3
 Lesser Beckoning         Tloc           3%         N/A       100%        3
 Mephitic Cloud           Conj/Pois/Air  3%         N/A       100%        3
 Freezing Cloud           Conj/Ice/Air   1%         6-21      100%        5
 Manifold Assault         Tloc           3%         N/A       100%        5


Dungeon Overview and Level Annotations

Branches:
Dungeon (4/15)
 Temple: D:4-7

Altars:


Innate Abilities, Weirdness & Mutations

You have very sharp teeth.
Your uncanny sense of smell can sniff out nearby items.
Your experience applies equally to all skills.


Message History

You hit the jelly. The acid corrodes you!
Your hands burn!
The jelly is moderately wounded.
You hit the jelly. The acid corrodes you!
Your hands burn!
The jelly is heavily wounded.
The jelly misses you.
You barely miss the jelly. You bite the jelly, but do no damage.
The jelly is heavily wounded.
You hit the jelly but do no damage.
Your hands burn!
The jelly is heavily wounded.
The jelly completely misses you.
You hit the jelly. The acid corrodes you!
Your hands burn!
The jelly is heavily wounded.
The jelly hits you but does no damage.
You hit the jelly but do no damage.
Your hands burn!
You bite the jelly, but do no damage.
The jelly is heavily wounded.
You hit the jelly.
Your hands burn!
The jelly is heavily wounded.
The jelly closely misses you.
You hit the jelly but do no damage. The acid corrodes you!
Your hands burn!
You bite the jelly, but do no damage.
The jelly is heavily wounded.
You are too injured to fight recklessly!
You are too injured to fight recklessly!
You are too injured to fight recklessly!
The jelly attacks as you move away! The jelly closely misses you.
There is a stone staircase leading up here.
The jelly hits you. The acid corrodes you!
You are splashed with acid!
* * * LOW HITPOINT WARNING * * *
You climb upwards.
There is a stone staircase leading down here.
You hit the jelly but do no damage. The acid corrodes you!
Your hands burn!
* * * LOW HITPOINT WARNING * * *
The jelly is heavily wounded.
The jelly hits you.
* * * LOW HITPOINT WARNING * * *
You are splashed with acid.
* * * LOW HITPOINT WARNING * * *
You hit the jelly but do no damage.
Your hands burn!
You die...

....##..##..#
##....## #.# ##).
...........## ####.<#
#.#####..
.....##....#
##.####........
....###....#
#...########.. ....#
#....# ###..# ##.
....# #....# ##.# #..
....# #....## #.###
#.. #####
#.....###########...#
#..
#.........@J...))...#
#..
#....############...#
#.. ###### ##### ##.
## #


You could see a jelly.

Vanquished Creatures
  Crazy Yiuf (D:2)
  An orc wizard (D:3)
  Robin (D:2)
  A gnoll (D:3)
  3 adders
  A worm (D:2)
  A dart slug (D:1)
  3 orcs (D:3)
  2 ball pythons
  7 endoplasms
  3 giant cockroaches
  12 goblins
  10 hobgoblins
  5 jackals
  7 kobolds
  A quokka (D:2)
  7 bats
  2 frilled lizards
  5 rats
73 creatures vanquished.

Notes
Turn   | Place    | Note
-------+----------+-------------------------------------------
     0 | D:1      | jtron the Gnoll Wanderer began the quest for the Orb.
     0 | D:1      | jtron set off with the following items: a +0 club, a scroll
                  | of teleportation, a potion of attraction, a scroll of fog,
                  | a +0 chain mail.
     0 | D:1      | Reached XP level 1. HP: 26/26 MP: 1/1
   343 | D:1      | Reached XP level 2. HP: 26/33 MP: 2/2
   783 | D:1      | Found a faded altar of an unknown god.
   966 | D:1      | Reached XP level 3. HP: 38/38 MP: 3/3
  1271 | D:2      | Reached skill level 1 in Invocations
  1348 | D:2      | Reached skill level 1 in Short Blades
  1348 | D:2      | Reached skill level 1 in Long Blades
  1348 | D:2      | Reached skill level 1 in Axes
  1348 | D:2      | Reached skill level 1 in Maces & Flails
  1348 | D:2      | Reached skill level 1 in Polearms
  1348 | D:2      | Reached skill level 1 in Staves
  1348 | D:2      | Reached skill level 1 in Ranged Weapons
  1348 | D:2      | Reached skill level 1 in Stealth
  1348 | D:2      | Reached skill level 1 in Shields
  1348 | D:2      | Reached skill level 1 in Unarmed Combat
  1348 | D:2      | Reached skill level 1 in Spellcasting
  1348 | D:2      | Reached skill level 1 in Evocations
  1452 | D:2      | Reached XP level 4. HP: 45/45 MP: 5/5
  1673 | D:2      | Noticed Robin
  1692 | D:2      | Killed Robin
  1693 | D:2      | Reached skill level 1 in Conjurations
  1693 | D:2      | Reached skill level 1 in Hexes
  1693 | D:2      | Reached skill level 1 in Summonings
  1693 | D:2      | Reached skill level 1 in Necromancy
  1693 | D:2      | Reached skill level 1 in Translocations
  1693 | D:2      | Reached skill level 1 in Transmutations
  1693 | D:2      | Reached skill level 1 in Fire Magic
  1693 | D:2      | Reached skill level 1 in Ice Magic
  1693 | D:2      | Reached skill level 1 in Air Magic
  1693 | D:2      | Reached skill level 1 in Earth Magic
  1693 | D:2      | Reached skill level 1 in Poison Magic
  2009 | D:2      | Found a runed translucent door.
  2010 | D:2      | Noticed Crazy Yiuf
  2427 | D:2      | Killed Crazy Yiuf
  2428 | D:2      | Reached XP level 5. HP: 10/51 MP: 5/7
  2938 | D:3      | Identified the +6 short sword "Ultimatum" {antimagic, rElec
                  | rC+ Str+4}
  3530 | D:3      | HP: 1/51 [acid (6)]
  3531 | D:3      | Splashed by a jelly's acid

Illustrated notes

Levels and vault maps discovered:
D:1:      tarquinn_simple_flora_water_a, layout_loops_cross,
          shapermc_ecumenical_altar_totnotflames, item_on_display_a
D:2:      layout_basic, minmay_misc_feat_x, chequers_serial_rivers_micro_a,
          uniq_crazy_yiuf_cottage, uniq_robin
D:3:      layout_rooms, serial_bayou_pond_e
D:4:      minmay_razor_zed, layout_loops_ring, zin_statuary,
          minmay_temple_entry_antechambers, portal_sewer_entry_e

Skill      XL: |  1  2  3  4  5 |
---------------+----------------+-----
Invocations    | 1 |  1.9
Short Blades   | 1 |  1.6
Long Blades    | 1 |  1.6
Axes           | 1 |  1.6
Maces & Flails | 1 |  1.6
Polearms       | 1 |  1.6
Staves         | 1 |  1.6
Ranged Weapons | 1 |  1.6
Stealth        | 1 |  1.6
Shields        | 1 |  1.6
Unarmed Combat | 1 |  1.6
Spellcasting   | 1 |  1.6
Evocations     | 1 |  1.6
Conjurations   | 1 |  1.3
Hexes          | 1 |  1.3
Summonings     | 1 |  1.3
Necromancy     | 1 |  1.3
Translocations | 1 |  1.3
Transmutations | 1 |  1.3
Fire Magic     | 1 |  1.3
Ice Magic      | 1 |  1.3
Air Magic      | 1 |  1.3
Earth Magic    | 1 |  1.3
Poison Magic   | 1 |  1.3
Throwing       | 3 |  3.1
Dodging        | 3 |  3.1
Fighting       | |  8.7
Armour         | |  8.7

Action                   |  1- 3 |  4- 6 || total
-------------------------+-------+-------++-------
Melee: Club              |    66 |       ||    66
       Bite              |    10 |    22 ||    32
       Punch             |     4 |     4 ||     8
       Short sword       |    11 |       ||    11
       Dagger            |    62 |   209 ||   271
 Fire: Sling             |       |     7 ||     7
Throw: Stone             |       |    11 ||    11
       Dart              |       |     1 ||     1
  Use: Scroll            |       |     3 ||     3
       Potion            |       |     1 ||     1
Armor: Chain mail        |    92 |    54 ||   146
       Skin              |       |    27 ||    27
Dodge: Dodged            |    56 |    60 ||   116
